 Seeded DCSS version 0.31-a0-214-gb37851dbb3 (webtiles) character file.

Game seed: 17612545735370830489 (custom seed)

15426 innerfire43 the Cleaver (level 12, -20/98 HPs)
             Began as a Demonspawn Monk on July 1, 2023.
             Was a High Priest of Trog.
             Demolished by a large slime creature (32 damage)
             ... on level 13 of the Dungeon.
             The game lasted 00:16:07 (8895 turns).

innerfire43 the Cleaver (Demonspawn Monk)           Turns: 8895, Time: 00:16:08

Health: -20/98     AC:  9    Str: 15    XL:     12   Next: 1%
Magic:  21/21      EV: 21    Int: 19    God:    Trog [*****.]
Gold:   981        SH:  0    Dex: 16    Spells: 11/11 levels left

rFire   + . .        h - +10 battleaxe "Tiene" {freeze, rPois rF+ MP+9 Stlth+}
rCold   + . .        (shield currently unavailable)
rNeg    . . .        M - +0 troll leather armour
rPois   +            j - +0 helmet
rElec   .            o - +2 cloak
rCorr   .            (no gloves)
SInv    .            m - +0 pair of boots
Will    ++...        (no amulet)
Stlth   ++           f - +6 ring of intelligence
HPRegen 2.96/turn    t - ring of poison resistance
MPRegen 0.17/turn

%: no passive effects
@: agile, strong-willed, regenerating
A: powered by death 2, powered by pain 2, weakness stinger 1, cold resistance 1,
regeneration 1, teleportitis 1
a: Renounce Religion, Berserk, Trog's Hand, Brothers in Arms


You were on level 13 of the Dungeon.
You worshipped Trog.
Trog was extremely pleased with you.
You visited 1 branch of the dungeon, and saw 13 of its levels.
You also visited: Sewer.

You collected 1198 gold pieces.
You spent 217 gold pieces at shops.

Inventory:

Hand Weapons
 a - a +1 hand axe of flaming
 h - the +10 battleaxe "Tiene" (weapon) {freeze, rPois rF+ MP+9 Stlth+}
   (You acquired it on level 1 of the Dungeon)

   rF:        It protects you from fire.
   rPois:     It protects you from poison.
   MP:        It affects your magic capacity (+9).
   Stlth:     It makes you more stealthy.
Missiles
 H - 6 throwing nets
Armour
 b - a +0 robe
 d - an orb of light
 j - a +0 helmet (worn)
 m - a +0 pair of boots (worn)
 o - a +2 cloak (worn)
 x - the +1 leather armour of Resonance {rF+}
   (You bought it in a shop on level 5 of the Dungeon)

   rF:        It protects you from fire.
 M - a +0 troll leather armour (worn)
Jewellery
 f - a +6 ring of intelligence (left hand)
 k - a ring of see invisible
 q - a ring of resist corrosion
 t - a ring of poison resistance (right hand)
Wands
 s - a wand of flame (40)
 w - a wand of charming (11)
 z - a wand of polymorph (17)
 A - a wand of light (10)
 I - a wand of digging (6)
 L - a wand of mindburst (18)
 O - a wand of iceblast (5)
Scrolls
 g - a scroll of vulnerability
 i - 4 scrolls of fog
 l - 3 scrolls of amnesia
 v - 3 scrolls of teleportation
 y - 4 scrolls of blinking
 B - a scroll of butterflies
 C - 4 scrolls of fear
 K - 2 scrolls of immolation
 N - 4 scrolls of identify
Potions
 c - 2 potions of heal wounds
 e - 2 potions of brilliance
 n - 3 potions of degeneration
 p - 4 potions of might
 r - 2 potions of lignification {unknown}
 u - a potion of mutation
 D - 3 potions of resistance
 E - a potion of invisibility {unknown}
 F - 6 potions of curing
 G - a potion of haste {unknown}
 J - a potion of cancellation {unknown}
Miscellaneous
 P - a tin of tremorstones (2/2)


   Skills:
 + Level 10.4 Fighting
 * Level 13.0 Axes
 + Level 9.6 Dodging


You had 11 spell levels left.
You didn't know any spells.
Your spell library contained the following spells:

 Spells                   Type           Power      Damage    Failure   Level
 Slow                     Hex            0%         N/A       26%         1
 Confusing Touch          Hex            0%         N/A       58%         3
 Vampiric Draining        Necr           0%         2d6       58%         3
 Volatile Blastmotes      Fire/Tloc      0%         2d10      58%         3
 Fulminant Prism          Conj/Hex       0%         3d5       94%         4
 Iskenderun's Mystic Bla  Conj/Tloc      0%         2d3       94%         4
 Lee's Rapid Deconstruct  Erth           0%         3d4*      100%        5


Dungeon Overview and Level Annotations

Branches:
Dungeon (13/15)            Temple (0/1) D:6            Lair (0/5) D:9
    Orc (0/2) D:9           Sewer (visited)
 Vaults: D:13-14

Altars:
Cheibriados
Dithmenos
Gozag
Makhleb
Trog
Xom
Yredelemnul

Shops:
D:1 ([??   D:5 [   D:8 :   D:10 :   D:12 [(

Portals:
Bazaar: D:11


Innate Abilities, Weirdness & Mutations

You regenerate health from kills.
You sometimes gain power by taking damage.
You have a small tail.
Your flesh is cold resistant. (rC+)
Your natural rate of healing is unusually fast.
You are occasionally teleported next to monsters.


Message History

A troll comes into view.
The enormous slime creature closely misses you.
You have reached level 12!
You feel agile.
Your skin crawls.
You feel strong-willed.
The enormous slime creature closely misses you.
The enormous slime creature closely misses you.
You slice the enormous slime creature!! You freeze the enormous slime creature.
The enormous slime creature is moderately wounded.
You slash the slime creature! You freeze the slime creature.
The slime creature barely misses you.
The enormous slime creature closely misses you.
You barely miss the enormous slime creature.
You tail-slap the enormous slime creature, but do no damage.
The enormous slime creature is moderately wounded.
You slash the slime creature! You freeze the slime creature.
The slime creature completely misses you.
An enormous slime creature splits.
You slash the large slime creature! You freeze the large slime creature.
You tail-slap the large slime creature, but do no damage.
The large slime creature is heavily wounded.
You hit the slime creature. You freeze the slime creature.
You slash the large slime creature! You freeze the large slime creature.
The slime creature hits you!
A large slime creature splits.
The large slime creature misses you.
You hit the slime creature. You freeze the slime creature.
The slime creature is heavily wounded.
You slash the troll! You freeze the troll! You slash the slime creature!
You freeze the slime creature.
You barely miss the large slime creature.
You slash the slime creature! You freeze the slime creature.
The slime creature misses you. The slime creature hits you!
* * * LOW HITPOINT WARNING * * *
The troll completely misses you. x2; The troll claws you!
* * * LOW HITPOINT WARNING * * *
The slime creature hits you.
* * * LOW HITPOINT WARNING * * *
The large slime creature hits you!!
You die...

.... #.................+
.....#.#<..##..........#
.......................#
...........#...........
........##.#.#.....##
#.#.###.##.#.#.#.#.# ...
#.##.#.#.#.# # ..
#.##.#.#.#J#.# .
..........@J.#
.........TJJ...... ##
###.#.#.#...###
#.#.#.#.#....
#.#.#.#.####. # #.# #
..# .##


You could see a large slime creature, 3 slime creatures and a troll.

Vanquished Creatures
  Harold (D:10)
  Erolcha (D:12)
  Erica (D:10)
  A boulder beetle (D:11)
  Lodul (D:10)
  2 manticores
  2 ugly things (D:12)
  2 gargoyles
  2 unseen horrors
  A kobold demonologist (D:10)
  A rime drake (D:9)
  2 trolls (D:12)
  5 slime creatures
  A shadow (D:12)
  3 yaks (D:6)
  A vampire (D:11)
  2 wraiths (D:12)
  The ghost of innerfire43 the Trooper, an amateur DsMo (D:3)
  A steam dragon (D:9)
  11 vampire mosquitoes
  An acid dragon (D:12)
  Duvessa (D:6)
  An orc warrior (D:9)
  8 ice beasts
  Pargi (Sewer)
  10 ogres
  A black bear (D:6)
  4 wolves (D:9)
  3 centaurs
  2 kobold brigands (D:10)
  2 bullfrogs
  4 scorpions
  9 wights
  Dowan (D:6)
  4 killer bees (D:10)
  3 howler monkeys
  An electric eel (D:7)
  A jelly (D:8)
  Crazy Yiuf (D:2)
  7 hounds
  14 orc priests
  2 gnoll boudas
  10 orc wizards
  3 iguanas
  Robin (D:2)
  11 gnolls
  10 adders
  3 shadow imps
  An ufetubus (D:5)
  2 worms
  3 dart slugs
  55 orcs
  4 bats
  2 endoplasms (D:2)
  8 giant cockroaches
  17 goblins
  6 hobgoblins
  3 jackals (D:3)
  5 quokkas
  8 ball pythons
  8 frilled lizards
  14 kobolds
  7 rats
304 creatures vanquished.

Notes
Turn   | Place    | Note
-------+----------+-------------------------------------------
     0 | D:1      | innerfire43 the Demonspawn Monk began the quest for the
                  | Orb.
     0 | D:1      | Reached XP level 1. HP: 18/18 MP: 1/1
    23 | D:1      | Found Wezuit Hoju's Antique Weapon Shoppe.
   103 | D:1      | Found Apnaij's Armour Emporium.
   137 | D:1      | Found Raxki's Magic Scroll Shop.
   197 | D:1      | Gained mutation: You sometimes gain a little power by
                  | taking damage. [demonic ancestry]
   197 | D:1      | Reached XP level 2. HP: 24/24 MP: 2/2
   284 | D:1      | Found Irownig's Magic Scroll Shoppe.
   432 | D:1      | Identified a scroll of acquirement
   432 | D:1      | Acquired the +10 battleaxe "Tiene" {freeze, rPois rF+ MP+9
                  | Stlth+}
   603 | D:2      | Reached skill level 3 in Axes
   641 | D:2      | Noticed Robin
   671 | D:2      | Gained mutation: You have a small tail. [demonic ancestry]
   671 | D:2      | Reached XP level 3. HP: 25/29 MP: 3/3
   676 | D:2      | Killed Robin
   884 | D:2      | Found a runed translucent door.
   885 | D:2      | Noticed Crazy Yiuf
  1113 | D:2      | Reached XP level 4. HP: 36/36 MP: 4/4
  1188 | D:2      | Killed Crazy Yiuf
  1200 | D:2      | Gained mutation: You are occasionally teleported next to
                  | monsters. [potion of mutation]
  1200 | D:2      | Gained mutation: Your natural rate of healing is unusually
                  | fast. [potion of mutation]
  1200 | D:2      | Gained mutation: Your system is resistant to poisons.
                  | (rPois) [potion of mutation]
  1200 | D:2      | Gained mutation: You are agile. (Dex +4, Str/Int -1)
                  | [potion of mutation]
  1279 | D:3      | Lost mutation: You are agile. (Dex +4, Str/Int -1) [potion
                  | of mutation]
  1279 | D:3      | Lost mutation: Your system is resistant to poisons. (rPois)
                  | [potion of mutation]
  1279 | D:3      | Gained mutation: Your flesh is cold resistant. (rC+)
                  | [potion of mutation]
  1308 | D:3      | Found a faded altar of an unknown god.
  1312 | D:3      | Reached skill level 4 in Axes
  1316 | D:3      | Gained mutation: You regenerate a little health from kills.
                  | [demonic ancestry]
  1316 | D:3      | Reached XP level 5. HP: 40/42 MP: 5/5
  1348 | D:3      | Prayed at the altar of an unknown god.
  1348 | D:3      | Became a worshipper of Trog the Wrathful
  1348 | D:3      | Reached * piety under Trog
  1348 | D:3      | Reached ** piety under Trog
  1448 | D:3      | Noticed an ogre
  1448 | D:3      | Identified the +3 great mace "Emeucs" {heavy, Drain rElec
                  | rPois rN++}
  1448 | D:3      | Noticed an ogre
  1449 | D:3      | Noticed innerfire43's ghost (amateur DsMo)
  1450 | D:3      | Found a transporter.
  1603 | D:3      | Reached *** piety under Trog
  1855 | D:3      | Found a transporter.
  1892 | D:3      | Killed innerfire43's ghost
  1893 | D:3      | Reached XP level 6. HP: 42/49 MP: 6/6
  1897 | D:3      | Reached skill level 5 in Axes
  1968 | D:4      | Reached XP level 7. HP: 55/55 MP: 7/7
  1980 | D:4      | Found a snail-covered altar of Cheibriados.
  2028 | D:4      | Found an opulent altar of Gozag.
  2198 | D:4      | Reached skill level 5 in Fighting
  2425 | D:5      | Entered Level 5 of the Dungeon
  2477 | D:5      | Reached skill level 6 in Axes
  2778 | D:5      | Found Omaffere's Antique Armour Boutique.
  2786 | D:5      | Bought a heavily runed leather armour for 217 gold pieces
  2786 | D:5      | Identified the +1 leather armour of Resonance {rF+} (You
                  | bought it in a shop on level 5 of the Dungeon)
  2915 | D:5      | Found a burning altar of Makhleb.
  3028 | D:6      | Reached skill level 5 in Dodging
  3105 | D:6      | Noticed Dowan
  3106 | D:6      | Noticed Duvessa
  3107 | D:6      | Killed Dowan
  3108 | D:6      | Reached XP level 8. HP: 63/63 MP: 8/8
  3110 | D:6      | Killed Duvessa
  3158 | D:6      | Reached **** piety under Trog
  3161 | D:6      | Reached skill level 7 in Axes
  3343 | D:6      | Reached skill level 8 in Axes
  3343 | D:6      | Reached XP level 9. HP: 71/71 MP: 9/9
  3425 | D:6      | Found a glowing drain.
  3538 | Sewer    | Entered a sewer
  3658 | Sewer    | Noticed Pargi
  3673 | Sewer    | Killed Pargi
  3964 | D:6      | Found a staircase to the Ecumenical Temple.
  4649 | D:7      | Found a shadowy altar of Dithmenos.
  4649 | D:7      | Found a shimmering altar of Xom.
  4650 | D:7      | Found a basalt altar of Yredelemnul.
  5544 | D:8      | Reached skill level 9 in Axes
  5603 | D:8      | Found Ziesurid's Book Boutique.
  6311 | D:9      | Reached ***** piety under Trog
  6319 | D:9      | Noticed a rime drake
  6326 | D:9      | Killed a rime drake
  6375 | D:9      | Found a staircase to the Orcish Mines.
  6389 | D:9      | Received a gift from Trog
  6585 | D:9      | Gained mutation: You regenerate health from kills. [demonic
                  | ancestry]
  6585 | D:9      | Reached XP level 10. HP: 76/80 MP: 10/10
  6589 | D:9      | Found a staircase to the Lair.
  6598 | D:9      | Reached skill level 10 in Axes
  6803 | D:10     | Entered Level 10 of the Dungeon
  6816 | D:10     | Noticed Erica
  6827 | D:10     | Killed Erica
  6832 | D:10     | Found Tytu's Self-Improvement Boutique.
  6844 | D:10     | Noticed a gargoyle
  6857 | D:10     | Killed a gargoyle
  6958 | D:10     | Noticed Harold
  6968 | D:10     | Killed Harold
  6969 | D:10     | Reached skill level 11 in Axes
  7016 | D:10     | Noticed an orange demon
  7094 | D:10     | Noticed Lodul
  7103 | D:10     | Gained mutation: You sometimes gain power by taking damage.
                  | [demonic ancestry]
  7103 | D:10     | Reached XP level 11. HP: 65/89 MP: 11/11
  7109 | D:10     | Killed Lodul
  7378 | D:11     | Noticed a boulder beetle
  7397 | D:11     | Killed a boulder beetle
  7540 | D:11     | Reached skill level 12 in Axes
  7710 | D:11     | Found a flickering gateway to a bazaar.
  8204 | D:12     | Noticed Erolcha
  8212 | D:12     | Killed Erolcha
  8213 | D:12     | Reached skill level 10 in Fighting
  8358 | D:12     | Noticed a red ugly thing
  8373 | D:12     | Killed a red ugly thing
  8429 | D:12     | Received a gift from Trog
  8441 | D:12     | Noticed a cyan ugly thing
  8447 | D:12     | Killed a cyan ugly thing
  8483 | D:12     | Reached skill level 13 in Axes
  8671 | D:12     | Found Xuynlopy's Weapon Emporium.
  8800 | D:12     | Found Kugasic's Armour Shoppe.
  8890 | D:13     | Reached XP level 12. HP: 27/98 MP: 12/12
  8895 | D:13     | Demolished by a large slime creature

Illustrated notes

Levels and vault maps discovered:
D:1:      grunt_arrival_crossed_arrows, layout_rooms, serial_shops,
          nicolae_shop_tiny_real_fake_doors, shop, nicolae_shop_tiny_waterfront,
          shop_coins
D:2:      layout_loops_cross, uniq_crazy_yiuf_cottage, uniq_robin
D:3:      layout_basic, gammafunk_ghost_smash, dreamdust_ecumenical_altar_grove
D:4:      layout_basic, grunt_gozag_statues, lemuel_doored_altar,
          hangedman_feature_mirror
D:5:      layout_rooms, makhleb_blood_cavern_becter, serial_shops,
          nicolae_square_shop, amcnicky_mini_pool_small,
          hangedman_decor_riveting
D:6:      layout_loops_ring, temple_doors_ab, gup_sewer_entry_pipe, uniq_duvessa
D:7:      layout_basic, gammafunk_temple_overflow_forgotten,
          nicolae_elyvilon_temple_path, serial_bayou_ford_a
D:8:      layout_gridville, serial_shops, kennysheep_mini, minmay_liquid_box
D:9:      layout_roguey, hellmonk_lair_entry_icy, hiddenorc2_lemuel
D:10:     layout_roguey, nicolae_shop_self_help, uniq_harold, uniq_lodul,
          uniq_erica
D:11:     layout_roguey, serial_shops, bzr_entry_gold
D:12:     layout_gridville, serial_shops, shop,
          nicolae_shop_tiny_real_fake_doors, uniq_erolcha
D:13:     gammafunk_dig_for_victory, layout_basic, gauntlet_entry_generic,
          uniq_snorg, uniq_rupert, uniq_sonja

Skill      XL: |  1  2  3  4  5  6  7  8  9 10 11 |
---------------+----------------------------------+-----
Axes           | 3 4 5 6 8 9 11 13 | 13.0
Dodging        | 3 4 5 6 7 8 9 |  9.6
Fighting       | 4 5 6 7 9 10 | 10.4

Action                     |  1- 3 |  4- 6 |  7- 9 | 10-12 || total
---------------------------+-------+-------+-------+-------++-------
  Melee: Hand axe          |    28 |       |       |       ||    28
         Battleaxe         |    54 |    66 |   285 |   220 ||   625
         Tailslap          |     1 |     8 |    30 |    36 ||    75
 Invoke: Trog's Hand       |       |       |       |     1 ||     1
    Use: Potion            |     3 |     3 |       |     4 ||    10
         Scroll            |     1 |     7 |     9 |     3 ||    20
   Stab: Sleeping          |     8 |     8 |     6 |     2 ||    24
         Distracted        |       |       |     1 |       ||     1
 Armour: Robe              |    17 |    13 |     8 |       ||    38
         Leather armour    |       |       |    79 |    75 ||   154
         Troll leather arm |       |       |       |    17 ||    17
         Skin              |       |       |       |     1 ||     1
  Dodge: Dodged            |    62 |    53 |   223 |   249 ||   587

Table legend: (Time is in decaauts)
 A = Elapsed time spent in this place.
 B = Non-inter-level travel time spent in this place.
 C = Inter-level travel time spent in this place.
 D = Time resting spent in this place.
 E = Time spent auto-exploring this place.
 F = Levels seen in this place.
 G = Mean time per level.
                   A        B        C        D        E       F      G
               +--------+--------+--------+--------+--------+-----+--------+
         Total |   9177 |   8553 |    624 |      0 |   6415 |  14 |  655.5 |
       Dungeon |   8851 |   8227 |    624 |      0 |   6332 |  13 |  680.8 |
         Sewer |    325 |    325 |      0 |      0 |     82 |   1 |  325.0 |
               +--------+--------+--------+--------+--------+-----+--------+

Top non-repeatable levels by time:
     D:7: 1139 daAuts
     D:6: 1080 daAuts
     D:8: 878 daAuts
     D:3: 763 daAuts
    D:12: 752 daAuts
    D:11: 748 daAuts
     D:2: 659 daAuts
    D:10: 608 daAuts
     D:1: 601 daAuts
     D:5: 580 daAuts
     D:9: 540 daAuts
     D:4: 473 daAuts
   Sewer: 325 daAuts
    D:13: 26 daAuts
